PAAA
SALT LAKE CITY BUZZ @ ATHLETIC CLUB KC RESERVES
07/09/2020
 
TOP OF THE 1ST
Salt Lake City Buzz batting - Pitching for Athletic Club KC Reserves : RHP Tony Madden
Pitching: RHP Tony Madden
Batting: RHB Roberto Ríos 0-0: Called Strike
0-1: Ball
1-1: Ground out 4-3 (Groundball, 4M)
Batting: RHB Clint Anthony 0-0: Ball
1-0: Called Strike
1-1: Ball
2-1: Ball
3-1: Base on Balls
Batting: SHB Raymond Bright 0-0: SINGLE (Line Drive, 6MD)
Clint Anthony to second
Batting: LHB Martín Núñes 0-0: Called Strike
0-1: Ball
1-1: SINGLE (Line Drive, 9LS)
Clint Anthony to third
Raymond Bright to second
Runner from 3rd tries for Home, SAFE, throw made home
Raymond Bright to third
Martín Núñes to second
Batting: SHB Wayne Saunders 0-0: Swinging Strike
0-1: Called Strike
0-2: Ball
1-2: Ball
2-2: Foul Ball, location: 2F
2-2: Foul Ball, location: 2F
2-2: Strikes out swinging
Batting: RHB Jim Coffey 0-0: Called Strike
0-1: Foul Ball, location: 2F
0-2: Strikes out swinging
Top of the 1st over - 1 run(s), 2 hit(s), 0 error(s), 2 left on base; Salt Lake City 1 - Athletic Club KC 0
BOTTOM OF THE 1ST
Athletic Club KC Reserves batting - Pitching for Salt Lake City Buzz : RHP Mike Humphrey
Pitching: RHP Mike Humphrey
Batting: LHB Kenko Ueda 0-0: Ball
1-0: Foul Ball, location: 2F
1-1: Ball
2-1: Ball
3-1: Ground out 4-3 (Groundball, 4)
Batting: RHB Karl Stevens 0-0: Foul Ball, location: 2F
0-1: SINGLE (Groundball, 56D)
Batting: LHB Rafael García 0-0: Ball
1-0: SINGLE (Flyball, 8RS)
Karl Stevens to second
Batting: RHB Robert Hill 0-0: Ball
1-0: Called Strike
1-1: Foul Ball, location: 2F
1-2: Foul Ball, location: 2F
1-2: Strikes out looking
Batting: RHB Adam Hennessey 0-0: Ball
1-0: Ball
2-0: Ball
3-0: Base on Balls
Karl Stevens to third
Rafael García to second
Batting: RHB Jason Dunn 0-0: SINGLE (Line Drive, 89S)
Karl Stevens scores
Rafael García to third
Adam Hennessey to second
Runner from 3rd tries for Home, SAFE, no throw or cutoff
Batting: RHB Eddie O'Bryan 0-0: Ball
1-0: Ball
2-0: Fly out, F8 (Flyball, 8RM)
Bottom of the 1st over - 2 run(s), 3 hit(s), 0 error(s), 2 left on base; Salt Lake City 1 - Athletic Club KC 2
TOP OF THE 2ND
Salt Lake City Buzz batting - Pitching for Athletic Club KC Reserves : RHP Tony Madden
Batting: RHB Larry Brown 0-0: Swinging Strike
0-1: Swinging Strike
0-2: Ball
1-2: Ball
2-2: Foul Ball, location: 2F
2-2: Ball
3-2: Strikes out looking
Batting: RHB Patrick Clark 0-0: Ball
1-0: Swinging Strike
1-1: SOLO HOME RUN (Flyball, 7D), Distance : 347 ft
Batting: SHB Shelby Reusch 0-0: Ground out 4-3 (Groundball, 4)
Batting: RHB Roberto Ríos 0-0: Ball
1-0: Foul Ball, location: 2F
1-1: Foul Ball, location: 2F
1-2: Ground out 6-3 (Groundball, 6M)
Top of the 2nd over - 1 run(s), 1 hit(s), 0 error(s), 0 left on base; Salt Lake City 2 - Athletic Club KC 2
BOTTOM OF THE 2ND
Athletic Club KC Reserves batting - Pitching for Salt Lake City Buzz : RHP Mike Humphrey
Batting: RHB Justin Miles 0-0: Called Strike
0-1: Fly out, F4 (Popup, 4M)
Batting: RHB Allen Murphy 0-0: SINGLE (Line Drive, 4D)
Batting: LHB Kenko Ueda 0-0: Ball
1-0: Ground out U3 (Groundball, 3S)
Allen Murphy to second
Batting: RHB Karl Stevens 0-0: Ball
1-0: Foul Ball, location: 2F
1-1: Ball
2-1: Foul Ball, location: 2F
2-2: SINGLE (Groundball, 6M)
Allen Murphy to third
Runner from 3rd tries for Home, SAFE, throw made home
Karl Stevens to second
Batting: LHB Rafael García 0-0: Ball
1-0: Swinging Strike
1-1: Foul Ball, location: 2F
1-2: Fly out, F8 (Flyball, 89S)
Bottom of the 2nd over - 1 run(s), 2 hit(s), 0 error(s), 1 left on base; Salt Lake City 2 - Athletic Club KC 3
TOP OF THE 3RD
Salt Lake City Buzz batting - Pitching for Athletic Club KC Reserves : RHP Tony Madden
Batting: RHB Clint Anthony 0-0: Called Strike
0-1: Ground out 6-3 (Groundball, 6)
Batting: SHB Raymond Bright 0-0: Ball
1-0: Foul Ball, location: 2F
1-1: Ball
2-1: Ball
3-1: Foul Ball, location: 2F
3-2: Foul Ball, location: 2F
3-2: Fly out, F9 (Flyball, 89M)
Batting: LHB Martín Núñes 0-0: Called Strike
0-1: Ball
1-1: Swinging Strike
1-2: Foul Ball, location: 2F
1-2: Foul Ball, location: 2F
1-2: Strikes out swinging
Top of the 3rd over - 0 run(s), 0 hit(s), 0 error(s), 0 left on base; Salt Lake City 2 - Athletic Club KC 3
BOTTOM OF THE 3RD
Athletic Club KC Reserves batting - Pitching for Salt Lake City Buzz : RHP Mike Humphrey
Batting: RHB Robert Hill 0-0: Swinging Strike
0-1: Foul Ball, location: 2F
0-2: Ball
1-2: Strikes out swinging
Batting: RHB Adam Hennessey 0-0: Called Strike
0-1: Ball
1-1: SINGLE (Line Drive, 6)
Batting: RHB Jason Dunn 0-0: SINGLE (Groundball, 6MD)
Adam Hennessey to second
Batting: RHB Eddie O'Bryan 0-0: Called Strike
0-1: Ball
1-1: Ball
2-1: Swinging Strike
2-2: Ball
3-2: Fly out, F7 (Flyball, 7M)
Batting: RHB Justin Miles 0-0: SINGLE (Groundball, 5D)
Adam Hennessey to third
Jason Dunn to second
Runner from 3rd tries for Home, SAFE, no throw or cutoff
Batting: RHB Allen Murphy 0-0: Ground out U3 (Groundball, 3)
Bottom of the 3rd over - 1 run(s), 3 hit(s), 0 error(s), 2 left on base; Salt Lake City 2 - Athletic Club KC 4
TOP OF THE 4TH
Salt Lake City Buzz batting - Pitching for Athletic Club KC Reserves : RHP Tony Madden
Batting: SHB Wayne Saunders 0-0: Called Strike
0-1: Ground out U3 (Groundball, 3L)
Batting: RHB Jim Coffey 0-0: Called Strike
0-1: Ball
1-1: Foul Ball, location: 2F
1-2: Strikes out swinging
Batting: RHB Larry Brown 0-0: Swinging Strike
0-1: Ball
1-1: Swinging Strike
1-2: Ball
2-2: Foul Ball, location: 2F
2-2: Ball
3-2: Foul Ball, location: 2F
3-2: Base on Balls
Batting: RHB Patrick Clark 0-0: Fly out, F4 (Popup, 34)
Top of the 4th over - 0 run(s), 0 hit(s), 0 error(s), 1 left on base; Salt Lake City 2 - Athletic Club KC 4
BOTTOM OF THE 4TH
Athletic Club KC Reserves batting - Pitching for Salt Lake City Buzz : RHP Mike Humphrey
Batting: LHB Kenko Ueda 0-0: Ball
1-0: Ball
2-0: Ground out 2-3 (Groundball, 23)
Batting: RHB Karl Stevens 0-0: Called Strike
0-1: SINGLE (Line Drive, 4D)
Batting: LHB Rafael García 0-0: Ball
1-0: Ball
2-0: Fly out, F8 (Flyball, 8RD)
Batting: RHB Robert Hill 0-0: Foul Ball, location: 2F
0-1: Ball
1-1: Ball
2-1: Fly out, F7 (Line Drive, 78XD)
Bottom of the 4th over - 0 run(s), 1 hit(s), 0 error(s), 1 left on base; Salt Lake City 2 - Athletic Club KC 4
TOP OF THE 5TH
Salt Lake City Buzz batting - Pitching for Athletic Club KC Reserves : RHP Tony Madden
Batting: SHB Shelby Reusch 0-0: SINGLE (Line Drive, 4)
Batting: RHB Roberto Ríos 0-0: Ball
1-0: Sac Bunt - play at first, batter OUT! 5-4
Shelby Reusch to second
Batting: RHB Clint Anthony 0-0: Ball
1-0: Called Strike
1-1: Foul Ball, location: 2F
1-2: Foul Ball, location: 2F
1-2: SINGLE (Line Drive, 6M)
Shelby Reusch to third
Runner from 3rd tries for Home, SAFE, throw made home
Clint Anthony to second
Batting: SHB Raymond Bright 0-0: Called Strike
0-1: Ball
1-1: Fly out, F7 (Flyball, 7M)
Batting: LHB Martín Núñes 0-0: Ball
1-0: Called Strike
1-1: Ground out 4-3 (Groundball, 4)
Top of the 5th over - 1 run(s), 2 hit(s), 0 error(s), 1 left on base; Salt Lake City 3 - Athletic Club KC 4
BOTTOM OF THE 5TH
Athletic Club KC Reserves batting - Pitching for Salt Lake City Buzz : RHP Mike Humphrey
Batting: RHB Adam Hennessey 0-0: Called Strike
0-1: Ball
1-1: Foul Ball, location: 2F
1-2: DOUBLE (Flyball, 8LXD)
Batting: RHB Jason Dunn 0-0: Ball
1-0: Ground out 5-3 (Groundball, 56)
Batting: RHB Eddie O'Bryan 0-0: Called Strike
0-1: Called Strike
0-2: Ball
1-2: Ball
2-2: Ball
3-2: Ground out 4-3 (Groundball, 4M)
Adam Hennessey to third
Batting: RHB Justin Miles 0-0: Called Strike
0-1: Ball
1-1: Ball
2-1: Foul Ball, location: 2F
2-2: Strikes out looking
Bottom of the 5th over - 0 run(s), 1 hit(s), 0 error(s), 1 left on base; Salt Lake City 3 - Athletic Club KC 4
TOP OF THE 6TH
Salt Lake City Buzz batting - Pitching for Athletic Club KC Reserves : RHP Tony Madden
Batting: SHB Wayne Saunders 0-0: Called Strike
0-1: Ball
1-1: Ground out 1-3 (Groundball, 15S)
Batting: RHB Jim Coffey 0-0: SINGLE (Line Drive, 8LS)
Batting: RHB Larry Brown 0-0: Ball
1-0: Foul Ball, location: 2F
1-1: Ball
2-1: Foul Ball, location: 2F
2-2: Strikes out swinging
Batting: RHB Patrick Clark 0-0: Ball
1-0: Ball
2-0: Ball
3-0: Called Strike
3-1: Base on Balls
Jim Coffey to second
Batting: SHB Shelby Reusch 0-0: Ball
1-0: Fly out, F7 (Flyball, 7LS)
Top of the 6th over - 0 run(s), 1 hit(s), 0 error(s), 2 left on base; Salt Lake City 3 - Athletic Club KC 4
BOTTOM OF THE 6TH
Athletic Club KC Reserves batting - Pitching for Salt Lake City Buzz : RHP Mike Humphrey
Batting: RHB Allen Murphy 0-0: Ball
1-0: Ball
2-0: Called Strike
2-1: Foul Ball, location: 2F
2-2: Strikes out swinging
Batting: LHB Kenko Ueda 0-0: Ball
1-0: Foul Ball, location: 2F
1-1: Foul Ball, location: 2F
1-2: Ball
2-2: Ground out 1-3 (Groundball, 13S)
Batting: RHB Karl Stevens 0-0: Ball
1-0: SINGLE (Groundball, 34)
Batting: LHB Rafael García 0-0: Ball
1-0: Foul Ball, location: 2F
1-1: Swinging Strike
1-2: SINGLE (Line Drive, 9S)
Karl Stevens to second
Batting: RHB Robert Hill 0-0: Ball
1-0: Called Strike
1-1: Ball
2-1: Fielders Choice at 2nd, 6-4 (Groundball, 6)
Bottom of the 6th over - 0 run(s), 2 hit(s), 0 error(s), 1 left on base; Salt Lake City 3 - Athletic Club KC 4
TOP OF THE 7TH
Salt Lake City Buzz batting - Pitching for Athletic Club KC Reserves : RHP Tony Madden
Batting: RHB Roberto Ríos 0-0: Swinging Strike
0-1: Ground out 6-3 (Groundball, 6)
Batting: RHB Clint Anthony 0-0: Swinging Strike
0-1: Ball
1-1: Ball
2-1: Ball
3-1: Swinging Strike
3-2: Strikes out swinging
Batting: SHB Raymond Bright 0-0: Ball
1-0: SINGLE (Groundball, 34D) (infield hit)
Batting: LHB Martín Núñes 0-0: Ball
Raymond Bright steals 2nd base
1-0: 2-RUN HOME RUN (Line Drive, 7D), Distance : 372 ft
Batting: SHB Wayne Saunders 0-0: Ball
1-0: Called Strike
1-1: Ball
2-1: Ground out 4-3 (Groundball, 4)
Top of the 7th over - 2 run(s), 2 hit(s), 0 error(s), 0 left on base; Salt Lake City 5 - Athletic Club KC 4
BOTTOM OF THE 7TH
Athletic Club KC Reserves batting - Pitching for Salt Lake City Buzz : RHP Mike Humphrey
Batting: RHB Adam Hennessey 0-0: Called Strike
0-1: Called Strike
0-2: Ball
1-2: Strikes out swinging
Batting: RHB Jason Dunn 0-0: Called Strike
0-1: Swinging Strike
0-2: Ball
1-2: Hit by Pitch
Batting: RHB Eddie O'Bryan 0-0: Ball
1-0: Ball
Throwing error on steal attempt, E2
Jason Dunn to third
2-0: Ball
3-0: Called Strike
3-1: Foul Ball, location: 2F
3-2: SINGLE (Groundball, 56)
Jason Dunn scores
Batting: RHB Justin Miles 0-0: Fly out, F8 (Flyball, 8LM)
Batting: RHB Allen Murphy 0-0: Ball
1-0: Ball
2-0: Foul Ball, location: 2F
2-1: Fly out, F4 (Popup, 4MD)
Bottom of the 7th over - 1 run(s), 1 hit(s), 1 error(s), 1 left on base; Salt Lake City 5 - Athletic Club KC 5
TOP OF THE 8TH
Salt Lake City Buzz batting - Pitching for Athletic Club KC Reserves : RHP Tony Madden
Pinch Hitting: LHB Fernando González 0-0: Called Strike
0-1: Called Strike
0-2: Strikes out swinging
Pinch Hitting: RHB Ichiyo Fujii 0-0: Called Strike
0-1: Ball
1-1: Foul Ball, location: 2F
1-2: Foul Ball, location: 2F
1-2: Ball
2-2: Ball
3-2: Foul Ball, location: 2F
3-2: SOLO HOME RUN (Flyball, 7D), Distance : 358 ft
Pitching: LHP Manuel Martínez
Batting: RHB Patrick Clark 0-0: Called Strike
0-1: Called Strike
0-2: Ball
1-2: Ball
2-2: DOUBLE (Line Drive, 78D)
Batting: SHB Shelby Reusch 0-0: Called Strike
0-1: Ball
1-1: Called Strike
1-2: Ball
2-2: Strikes out swinging
Batting: RHB Roberto Ríos 0-0: Ball
1-0: Ball
2-0: Ball
3-0: Called Strike
3-1: SINGLE (Line Drive, 8RS)
Patrick Clark to third
Batting: RHB Clint Anthony 0-0: Ball
1-0: Foul Ball, location: 2F
1-1: Ball
2-1: Foul Ball, location: 2F
2-2: Foul Ball, location: 2F
2-2: Foul Ball, location: 2F
2-2: Foul Ball, location: 2F
2-2: Foul Ball, location: 2F
2-2: Ball
3-2: Ground out 1-3 (Groundball, 13)
Top of the 8th over - 1 run(s), 3 hit(s), 0 error(s), 2 left on base; Salt Lake City 6 - Athletic Club KC 5
BOTTOM OF THE 8TH
Athletic Club KC Reserves batting - Pitching for Salt Lake City Buzz : RHP Mike Humphrey
Now at 3B: Ugo Brandini
Now in CF: Ichiyo Fujii
Batting: LHB Kenko Ueda 0-0: Ball
1-0: Called Strike
1-1: Fly out, F4 (Popup, 4MD)
Batting: RHB Karl Stevens 0-0: Foul Ball, location: 2F
0-1: Called Strike
0-2: Foul Ball, location: 2F
0-2: Ball
1-2: SINGLE (Groundball, 4M)
Batting: LHB Rafael García 0-0: Ball
1-0: Ball
2-0: Called Strike
2-1: Called Strike
2-2: Foul Ball, location: 2F
2-2: Foul Ball, location: 2F
2-2: Ball
3-2: Foul Ball, location: 2F
3-2: Base on Balls
Karl Stevens to second
Batting: RHB Robert Hill 0-0: Ball
1-0: Grounds into double play, 5-4-3 (Groundball, 56)
Bottom of the 8th over - 0 run(s), 1 hit(s), 0 error(s), 1 left on base; Salt Lake City 6 - Athletic Club KC 5
TOP OF THE 9TH
Salt Lake City Buzz batting - Pitching for Athletic Club KC Reserves : LHP Manuel Martínez
Batting: SHB Raymond Bright 0-0: Called Strike
0-1: Ball
1-1: Swinging Strike
1-2: Ball
2-2: Ground out 5-3 (Groundball, 5)
Batting: LHB Martín Núñes 0-0: Fly out, F7 (Line Drive, 78M)
Batting: SHB Wayne Saunders 0-0: Called Strike
0-1: Ball
1-1: Ball
2-1: Ball
3-1: DOUBLE (Line Drive, 7LM)
Pinch Hitting: RHB Don MacNeilage 0-0: Ball
1-0: Ball
2-0: Ball
3-0: Base on Balls
Pinch Runner at 2nd George Huffman:
Batting: RHB Ichiyo Fujii 0-0: Swinging Strike
0-1: SINGLE (Groundball, 34D)
George Huffman to third
Don MacNeilage to second
Runner from 3rd tries for Home, SAFE, no throw or cutoff
Batting: RHB Patrick Clark 0-0: Ball
1-0: Called Strike
1-1: Swinging Strike
1-2: Fly out, F9 (Flyball, 89M)
Top of the 9th over - 1 run(s), 2 hit(s), 0 error(s), 2 left on base; Salt Lake City 7 - Athletic Club KC 5
BOTTOM OF THE 9TH
Athletic Club KC Reserves batting - Pitching for Salt Lake City Buzz : RHP Mike Humphrey
Pitching: LHP José Ortíz
Now at 1B: Frank Bass
Now at 3B: Don MacNeilage
Batting: RHB Adam Hennessey 0-0: Called Strike
0-1: Foul Ball, location: 2F
0-2: Strikes out looking
Batting: RHB Jason Dunn 0-0: Ball
1-0: Ball
2-0: Fly out, F9 (Flyball, 9LMF)
Batting: RHB Eddie O'Bryan 0-0: Called Strike
0-1: Ball
1-1: Foul Ball, location: 2F
1-2: Ball
2-2: Ball
3-2: Ground out 6-3 (Groundball, 6)
Bottom of the 9th over - 0 run(s), 0 hit(s), 0 error(s), 0 left on base; Salt Lake City 7 - Athletic Club KC 5
This league is powered by Out of the Park Baseball, the baseball management simulation game for PC, Mac and Linux
Friday, October 23rd, 2015 - OOTP Baseball 16.9 Build 39